TOP OF THE 1ST |
Burlington Bees batting - Pitching for Hickory Crawdads : RHP Tse-peng Kuang
|
Pitching: RHP Tse-peng Kuang
|
|
Batting: RHB Ryuji Ito
|
0-0: Ball 1-0: Swinging Strike 1-1: Called Strike 1-2: Fly out, F8 (Flyball, 8RXD, EV 90.6 MPH)
|
Batting: RHB Ryan Munro
|
0-0: Ball 1-0: Ball 2-0: Ball 3-0: Swinging Strike 3-1: Called Strike 3-2: Foul Ball, location: 2F 3-2: Strikes out looking
|
Batting: LHB Brett Bugge
|
0-0: Foul Ball, location: 2F 0-1: Ball 1-1: Ball 2-1: Ball 3-1: Base on Balls
|
Batting: LHB Matthew Bale
|
0-0: Ball 1-0: Ball 2-0: Swinging Strike 2-1: Ground out 4-3 (Groundball, 34, EV 76.2 MPH)
|
Top of the 1st over - 0 runs, 0 hits, 0 errors, 1 left on base; Burlington 0 - Hickory 0 |
BOTTOM OF THE 1ST |
Hickory Crawdads batting - Pitching for Burlington Bees : RHP Chris Russell
|
Pitching: RHP Chris Russell
|
|
Batting: SHB Isaiah Cherry
|
0-0: Called Strike 0-1: Called Strike 0-2: Ball 1-2: Ball 2-2: Strikes out looking
|
Batting: RHB Nick Solberg
|
0-0: Ground out 6-3 (Groundball, 6S, EV 62.5 MPH)
|
Batting: RHB Michel Martineau
|
0-0: Ball 1-0: Foul Ball, location: 2F 1-1: Foul Ball, location: 2F 1-2: Ball 2-2: Ground out U3 (Groundball, 23, EV 82.5 MPH)
|
Bottom of the 1st over - 0 runs, 0 hits, 0 errors, 0 left on base; Burlington 0 - Hickory 0 |
TOP OF THE 2ND |
Burlington Bees batting - Pitching for Hickory Crawdads : RHP Tse-peng Kuang
|
Batting: LHB Griffin Ferris
|
0-0: Called Strike 0-1: Foul Ball, location: 2F 0-2: Strikes out swinging
|
Batting: LHB Mario Anguiano
|
0-0: Ball 1-0: Called Strike 1-1: Ball 2-1: Foul Ball, location: 2F 2-2: DOUBLE (Line Drive, 7LS, EV 108.8 MPH)
|
Batting: LHB Mark Reeg
|
0-0: Hit by Pitch
|
Batting: LHB Nick Isaac
|
0-0: Called Strike 0-1: Ball 1-1: Foul Ball, location: 2F 1-2: Strikes out swinging
|
Batting: LHB Spencer Palmer
|
0-0: Called Strike 0-1: Ball 1-1: Foul Ball, location: 2F 1-2: Ball 2-2: Strikes out swinging
|
Top of the 2nd over - 0 runs, 1 hit, 0 errors, 2 left on base; Burlington 0 - Hickory 0 |
BOTTOM OF THE 2ND |
Hickory Crawdads batting - Pitching for Burlington Bees : RHP Chris Russell
|
Batting: LHB Sadamu Noguchi
|
0-0: Ball 1-0: Ball 2-0: Ball 3-0: Base on Balls
|
Batting: LHB Lee Gerken
|
0-0: Ball 1-0: Called Strike Sadamu Noguchi steals 2nd base 1-1: Fly out, F9 (Flyball, 9, EV 93.1 MPH)
|
Batting: RHB Tim Adams
|
0-0: Ball 1-0: SINGLE (Groundball, 6D, EV 100.0 MPH) Sadamu Noguchi to third Runner from 3rd tries for Home, SAFE, throw by CF to home
|
Batting: LHB Franklin Quezada
|
0-0: Ball 1-0: Called Strike 1-1: Ball 2-1: Foul Ball, location: 2F 2-2: Foul Ball, location: 2F 2-2: Foul Ball, location: 2F 2-2: Fly out, F7 (Flyball, 7, EV 89.4 MPH)
|
Batting: RHB Chris Powell
|
0-0: Ball Passed Ball! Tim Adams to second 1-0: Ground out 6-3 (Groundball, 6, EV 110.6 MPH)
|
Bottom of the 2nd over - 1 run, 1 hit, 0 errors, 1 left on base; Burlington 0 - Hickory 1 |
TOP OF THE 3RD |
Burlington Bees batting - Pitching for Hickory Crawdads : RHP Tse-peng Kuang
|
Batting: RHB Ryuji Ito
|
0-0: Ball 1-0: Ball 2-0: Called Strike 2-1: Swinging Strike 2-2: Strikes out looking
|
Batting: RHB Ryan Munro
|
0-0: Called Strike 0-1: Ball 1-1: Ball 2-1: Ball 3-1: Fly out, F3 (Popup, 3S, EV 76.2 MPH)
|
Batting: LHB Brett Bugge
|
0-0: Ground out U3 (Groundball, 3, EV 78.1 MPH)
|
Top of the 3rd over - 0 runs, 0 hits, 0 errors, 0 left on base; Burlington 0 - Hickory 1 |
BOTTOM OF THE 3RD |
Hickory Crawdads batting - Pitching for Burlington Bees : RHP Chris Russell
|
Batting: RHB Dave Brabo
|
0-0: Ball 1-0: Foul Ball, location: 2F 1-1: Foul Ball, location: 2F 1-2: Ball 2-2: Ball 3-2: Fly out, F8 (Flyball, 8RM, EV 91.2 MPH)
|
Batting: SHB Isaiah Cherry
|
0-0: Foul Ball, location: 2F 0-1: Ball 1-1: Fly out, F7 (Flyball, 7, EV 86.2 MPH)
|
Batting: RHB Nick Solberg
|
0-0: Called Strike 0-1: Ball 1-1: Ball 2-1: Ball 3-1: Base on Balls
|
Batting: RHB Michel Martineau
|
0-0: Called Strike 0-1: Called Strike 0-2: Ball Nick Solberg is caught stealing 2nd base 2-4
|
Bottom of the 3rd over - 0 runs, 0 hits, 0 errors, 0 left on base; Burlington 0 - Hickory 1 |
TOP OF THE 4TH |
Burlington Bees batting - Pitching for Hickory Crawdads : RHP Tse-peng Kuang
|
Batting: LHB Matthew Bale
|
0-0: Ball 1-0: Foul Ball, location: 2F 1-1: Foul Ball, location: 2F 1-2: Ball 2-2: Strikes out swinging
|
Batting: LHB Griffin Ferris
|
0-0: Ball 1-0: Ball 2-0: Ball 3-0: Called Strike 3-1: Called Strike 3-2: Foul Ball, location: 2F 3-2: Reached on error, E1 (Groundball, 15S, EV 72.5 MPH)
|
Batting: LHB Mario Anguiano
|
0-0: Ball 1-0: Ball 2-0: Called Strike 2-1: Ball 3-1: Foul Ball, location: 2F 3-2: Foul Ball, location: 2F 3-2: Base on Balls Griffin Ferris to second
|
Batting: LHB Mark Reeg
|
0-0: Ball 1-0: Ball 2-0: Fielders Choice at 2nd, 4-6 (Groundball, 4, EV 84.4 MPH) Griffin Ferris to third
|
Batting: LHB Nick Isaac
|
0-0: Ball 1-0: Ball 2-0: Ball 3-0: Called Strike 3-1: Base on Balls Mark Reeg to second
|
Batting: LHB Spencer Palmer
|
0-0: Ball 1-0: Called Strike 1-1: Fly out, F7 (Flyball, 7D, EV 101.9 MPH)
|
Top of the 4th over - 0 runs, 0 hits, 1 error, 3 left on base; Burlington 0 - Hickory 1 |
BOTTOM OF THE 4TH |
Hickory Crawdads batting - Pitching for Burlington Bees : RHP Chris Russell
|
Batting: RHB Michel Martineau
|
0-0: Ball 1-0: Ball 2-0: Ball 3-0: Base on Balls
|
Batting: LHB Sadamu Noguchi
|
0-0: Ball 1-0: Ball 2-0: Ball 3-0: Base on Balls Michel Martineau to second
|
Batting: LHB Lee Gerken
|
0-0: Foul Ball, location: 2F 0-1: Hit by Pitch Michel Martineau to third Sadamu Noguchi to second
|
Batting: RHB Tim Adams
|
0-0: Called Strike 0-1: Ball 1-1: Swinging Strike 1-2: Foul Ball, location: 2F 1-2: Ball 2-2: Strikes out swinging
|
Batting: LHB Franklin Quezada
|
0-0: Foul Ball, location: 2F 0-1: Foul Ball, location: 2F 0-2: Foul Ball, location: 2F 0-2: Ball 1-2: Ball 2-2: Strikes out swinging
|
Batting: RHB Chris Powell
|
0-0: Ball 1-0: Swinging Strike 1-1: Ball 2-1: SINGLE (Groundball, 56D, EV 98.8 MPH) Michel Martineau scores Sadamu Noguchi to third Lee Gerken to second Throwing error, E7 Sadamu Noguchi scores Lee Gerken to third Chris Powell to second
|
Batting: RHB Dave Brabo
|
0-0: Ball 1-0: Ball 2-0: SINGLE (Flyball, 34D, EV 90.6 MPH) Lee Gerken scores Chris Powell to third Runner from 3rd tries for Home, throw by RF and OUT! 9-2
|
Bottom of the 4th over - 3 runs, 2 hits, 1 error, 1 left on base; Burlington 0 - Hickory 4 |
TOP OF THE 5TH |
Burlington Bees batting - Pitching for Hickory Crawdads : RHP Tse-peng Kuang
|
Batting: RHB Ryuji Ito
|
0-0: Foul Ball, location: 2F 0-1: Ball 1-1: Ball 2-1: SINGLE (Groundball, 34S, EV 65.0 MPH) (infield hit)
|
Batting: RHB Ryan Munro
|
0-0: Called Strike 0-1: SINGLE (Flyball, 4D, EV 88.8 MPH) Ryuji Ito to second
|
Batting: LHB Brett Bugge
|
0-0: Ball 1-0: Ball 2-0: Called Strike 2-1: Called Strike 2-2: Strikes out swinging
|
Batting: LHB Matthew Bale
|
0-0: Foul Ball, location: 2F 0-1: Ball 1-1: Fly out, F8 (Flyball, 8LD, EV 96.2 MPH) Runner from 2nd tags up, OUT at 3rd! 8-5
|
Top of the 5th over - 0 runs, 2 hits, 0 errors, 1 left on base; Burlington 0 - Hickory 4 |
BOTTOM OF THE 5TH |
Hickory Crawdads batting - Pitching for Burlington Bees : RHP Chris Russell
|
Batting: SHB Isaiah Cherry
|
0-0: Ball 1-0: Swinging Strike 1-1: Ball 2-1: Swinging Strike 2-2: Ball 3-2: Foul Ball, location: 2F 3-2: Base on Balls
|
Batting: RHB Nick Solberg
|
0-0: Called Strike 0-1: Ball 1-1: Ball 2-1: Fly out, F9 (Flyball, 9, EV 91.9 MPH)
|
Batting: RHB Michel Martineau
|
0-0: Ball 1-0: Foul Ball, location: 2F 1-1: Foul Ball, location: 2F 1-2: Ball 2-2: SINGLE (Line Drive, 8RS, EV 106.9 MPH) Isaiah Cherry to second
|
Pitching: RHP Victor Delgado
|
|
Batting: LHB Sadamu Noguchi
|
0-0: Ball 1-0: Foul Ball, location: 2F 1-1: Fielders Choice at 2nd, 5-4 (Groundball, 56, EV 107.5 MPH) Isaiah Cherry to third
|
Batting: LHB Lee Gerken
|
0-0: Ball 1-0: Ball 2-0: Foul Ball, location: 2F 2-1: 3-RUN HOME RUN (Flyball, 9D, EV 99.4 MPH), Distance : 378 ft
|
Batting: RHB Tim Adams
|
0-0: Ball 1-0: Ball 2-0: Ball 3-0: SOLO HOME RUN (Flyball, 9D, EV 102.5 MPH), Distance : 383 ft
|
Batting: LHB Franklin Quezada
|
0-0: Foul Ball, location: 2F 0-1: Ball 1-1: Ball 2-1: Swinging Strike 2-2: Strikes out swinging
|
Bottom of the 5th over - 4 runs, 3 hits, 0 errors, 0 left on base; Burlington 0 - Hickory 8 |
TOP OF THE 6TH |
Burlington Bees batting - Pitching for Hickory Crawdads : RHP Tse-peng Kuang
|
Batting: LHB Griffin Ferris
|
0-0: Ball 1-0: Ball 2-0: Swinging Strike 2-1: Swinging Strike 2-2: Strikes out swinging
|
Batting: LHB Mario Anguiano
|
0-0: Foul Ball, location: 2F 0-1: Ball 1-1: Foul Ball, location: 2F 1-2: Ball 2-2: Foul Ball, location: 2F 2-2: Strikes out swinging
|
Batting: LHB Mark Reeg
|
0-0: Called Strike 0-1: Ball 1-1: Foul Ball, location: 2F 1-2: Ball 2-2: Foul Ball, location: 2F 2-2: Fly out, F8 (Flyball, 8RD, EV 94.4 MPH)
|
Top of the 6th over - 0 runs, 0 hits, 0 errors, 0 left on base; Burlington 0 - Hickory 8 |
BOTTOM OF THE 6TH |
Hickory Crawdads batting - Pitching for Burlington Bees : RHP Victor Delgado
|
Batting: RHB Chris Powell
|
0-0: Swinging Strike 0-1: Ball 1-1: Ball 2-1: Ball 3-1: Swinging Strike 3-2: Foul Ball, location: 2F 3-2: Foul Ball, location: 2F 3-2: DOUBLE (Line Drive, 7LS, EV 101.2 MPH)
|
Pitching: RHP Billy Havlik
|
|
Batting: RHB Dave Brabo
|
0-0: Swinging Strike 0-1: Swinging Strike 0-2: DOUBLE (Flyball, 8RXD, EV 100.6 MPH) Chris Powell scores
|
Batting: SHB Isaiah Cherry
|
0-0: Called Strike 0-1: Ball 1-1: Ball 2-1: Ball 3-1: Foul Ball, location: 2F 3-2: Strikes out swinging
|
Batting: RHB Nick Solberg
|
0-0: Foul Ball, location: 2F 0-1: Ball 1-1: Ball 2-1: Ball 3-1: SINGLE (Groundball, 6M, EV 83.1 MPH) (infield hit) Dave Brabo to third
|
Batting: RHB Michel Martineau
|
0-0: Called Strike Nick Solberg is caught stealing 2nd base 2-4 0-1: Swinging Strike 0-2: DOUBLE (Line Drive, 78D, EV 111.9 MPH) Dave Brabo scores
|
Batting: LHB Sadamu Noguchi
|
0-0: Ball 1-0: Ball 2-0: Fly out, F9 (Flyball, 9, EV 90.6 MPH)
|
Bottom of the 6th over - 2 runs, 4 hits, 0 errors, 1 left on base; Burlington 0 - Hickory 10 |
TOP OF THE 7TH |
Burlington Bees batting - Pitching for Hickory Crawdads : RHP Tse-peng Kuang
|
Batting: LHB Nick Isaac
|
0-0: Foul Ball, location: 2F 0-1: Swinging Strike 0-2: Strikes out swinging
|
Batting: LHB Spencer Palmer
|
0-0: Called Strike 0-1: Called Strike 0-2: Ball 1-2: Fly out, F7 (Flyball, 7, EV 84.4 MPH)
|
Pinch Hitting: RHB Tristan Lewis
|
0-0: Swinging Strike 0-1: Ball 1-1: Ball 2-1: Swinging Strike 2-2: Foul Ball, location: 2F 2-2: Strikes out swinging, 2-3 out at first.
|
Top of the 7th over - 0 runs, 0 hits, 0 errors, 0 left on base; Burlington 0 - Hickory 10 |
BOTTOM OF THE 7TH |
Hickory Crawdads batting - Pitching for Burlington Bees : RHP Billy Havlik
|
Pitching: RHP Simon Vogel
|
|
Now at SS: Tristan Lewis
|
|
Batting: LHB Lee Gerken
|
0-0: Foul Ball, location: 2F 0-1: Ball 1-1: Foul Ball, location: 2F 1-2: Fly out, F8 (Flyball, 8RD, EV 102.5 MPH)
|
Batting: RHB Tim Adams
|
0-0: Ball 1-0: Swinging Strike 1-1: Ball 2-1: Called Strike 2-2: Foul Ball, location: 2F 2-2: Ball 3-2: SINGLE (Groundball, 25, EV 66.9 MPH) (infield hit)
|
Batting: LHB Franklin Quezada
|
0-0: Called Strike 0-1: Called Strike 0-2: SINGLE (Groundball, 4MS, EV 75.0 MPH) (infield hit) Tim Adams to second
|
Batting: RHB Chris Powell
|
0-0: Ball 1-0: Foul Ball, location: 2F 1-1: Ball 2-1: Ball 3-1: Base on Balls Tim Adams to third Franklin Quezada to second
|
Pitching: RHP Luis Cabrera
|
|
Batting: RHB Dave Brabo
|
0-0: Ball 1-0: SINGLE (Line Drive, 4D, EV 100.6 MPH) Tim Adams scores Franklin Quezada to third Chris Powell to second
|
Batting: SHB Isaiah Cherry
|
0-0: Called Strike 0-1: Ball 1-1: Ball 2-1: Swinging Strike 2-2: Ball 3-2: Base on Balls Franklin Quezada scores Chris Powell to third Dave Brabo to second
|
Batting: RHB Nick Solberg
|
0-0: Grounds into double play, 5-4-3 (Groundball, 56, EV 88.8 MPH)
|
Bottom of the 7th over - 2 runs, 3 hits, 0 errors, 2 left on base; Burlington 0 - Hickory 12 |
TOP OF THE 8TH |
Burlington Bees batting - Pitching for Hickory Crawdads : RHP Tse-peng Kuang
|
Pitching: RHP Chris Lincecum II
|
|
Batting: RHB Ryan Munro
|
0-0: Ground out 6-3 (Groundball, 6, EV 85.6 MPH)
|
Batting: LHB Brett Bugge
|
0-0: Ball 1-0: Ground out 3-1 (Groundball, 34, EV 101.2 MPH)
|
Batting: LHB Matthew Bale
|
0-0: DOUBLE (Flyball, 8LXD, EV 101.9 MPH)
|
Pinch Hitting: LHB James McCauley
|
0-0: Ball 1-0: Ball 2-0: Fly out, F7 (Flyball, 78M, EV 79.4 MPH)
|
Top of the 8th over - 0 runs, 1 hit, 0 errors, 1 left on base; Burlington 0 - Hickory 12 |
BOTTOM OF THE 8TH |
Hickory Crawdads batting - Pitching for Burlington Bees : RHP Luis Cabrera
|
Now in RF: James McCauley
|
|
Batting: RHB Michel Martineau
|
0-0: Swinging Strike 0-1: Ball 1-1: Swinging Strike 1-2: Strikes out swinging
|
Batting: LHB Sadamu Noguchi
|
0-0: Called Strike 0-1: Ground out 1-3 (Groundball, 13S, EV 71.2 MPH)
|
Batting: LHB Lee Gerken
|
0-0: Ball 1-0: Swinging Strike 1-1: SINGLE (Groundball, 5D, EV 105.6 MPH)
|
Batting: RHB Tim Adams
|
0-0: Ball 1-0: Called Strike 1-1: Ball 2-1: Called Strike 2-2: Ball 3-2: Base on Balls Lee Gerken to second
|
Batting: LHB Franklin Quezada
|
0-0: Called Strike 0-1: Ball 1-1: Ball 2-1: Foul Ball, location: 2F 2-2: Ground out 3-1 (Groundball, 34, EV 97.5 MPH)
|
Bottom of the 8th over - 0 runs, 1 hit, 0 errors, 2 left on base; Burlington 0 - Hickory 12 |
TOP OF THE 9TH |
Burlington Bees batting - Pitching for Hickory Crawdads : RHP Chris Lincecum II
|
Batting: LHB Mario Anguiano
|
0-0: Called Strike 0-1: Foul Ball, location: 2F 0-2: Foul Ball, location: 2F 0-2: Ball 1-2: SINGLE (Groundball, 4MD, EV 105.6 MPH) (infield hit)
|
Batting: LHB Mark Reeg
|
0-0: Foul Ball, location: 2F 0-1: Swinging Strike 0-2: Strikes out swinging
|
Batting: LHB Nick Isaac
|
0-0: Foul Ball, location: 2F 0-1: Ball 1-1: 2-RUN HOME RUN (Flyball, 9LD, EV 96.2 MPH), Distance : 349 ft
|
Batting: LHB Spencer Palmer
|
0-0: Ball 1-0: Called Strike 1-1: Called Strike 1-2: Fly out, F7 (Flyball, 7D, EV 81.2 MPH)
|
Batting: RHB Tristan Lewis
|
0-0: Swinging Strike 0-1: Ball 1-1: Swinging Strike 1-2: Ball 2-2: Strikes out swinging
|
Top of the 9th over - 2 runs, 2 hits, 0 errors, 0 left on base; Burlington 2 - Hickory 12 |
|